 Dungeon Crawl Stone Soup version 0.31.0 (webtiles) character file.

Game seed: 17139811550187088882

28 Esekla the Sneak (level 3, 26/26 HPs)
             Began as an Octopode Delver on Jan 19, 2024.
             Quit the game on level 4 of the Dungeon.
             The game lasted 00:04:16 (587 turns).

Esekla the Sneak (Octopode Delver)                   Turns: 587, Time: 00:04:17

Health: 26/26      AC:  1    Str: 11    XL:     3   Next: 12%
Magic:  3/3        EV: 13    Int: 14    God:
Gold:   62         SH:  0    Dex: 13    Spells: 3/3 levels left

rFire   . . .        a - +0 falchion
rCold   . . .        (no shield)
rNeg    + . .        (helmet restricted)
rPois   .            (no amulet)
rElec   .            c - ring of positive energy
rCorr   .            (no ring)
SInv    .            (no ring)
Will    .....        (no ring)
Stlth   ++++         (no ring)
HPRegen 0.24/turn    (no ring)
MPRegen 0.08/turn    (no ring)
                     (no ring)

%: no passive effects
@: no status effects
A: almost no armour, amphibious, 8 rings, camouflage 1, gelatinous body 1,
(nimble swimmer 1), tentacles
a: no special abilities


You were on level 4 of the Dungeon.
You visited 1 branch of the dungeon, and saw 2 of its levels.

You collected 62 gold pieces.

Inventory:

Hand Weapons
 a - a +0 falchion (weapon)
Jewellery
 c - a ring of positive energy (left tentacle)
Wands
 f - a wand of digging (2)
Scrolls
 b - a scroll of fog
 d - a scroll of poison {unknown}
 e - a scroll of amnesia {unknown}
 g - a scroll of revelation


   Skills:
 * Level 3.2 Fighting
 * Level 2.2 Long Blades
 * Level 2.2 Dodging
 + Level 7.1 Stealth
 * Level 0.6 Spellcasting


You had 3 spell levels left.
You didn't know any spells.
Your spell library contained the following spells:

 Spells                   Type           Power      Damage    Failure   Level
 Manifold Assault         Tloc           0%         N/A       95%         4
 Dispersal                Tloc           0%         N/A       100%        6
 Disjunction              Tloc           0%         N/A       100%        8


Dungeon Overview and Level Annotations

Branches:
Dungeon (5/15)
 Temple: D:4-7

Altars:
Trog

Shops:
D:5 =

Annotations:
D:4 Ijyb


Innate Abilities, Weirdness & Mutations

You cannot wear most types of armour.
You are amphibious.
You can wear up to eight rings at the same time.
Your skin changes colour to match your surroundings (Stealth+).
Your rubbery body absorbs attacks. (AC +1, EV +1)
((You are camouflaged when in or above water. (Stealth+)))
You have tentacles for arms and can constrict up to eight enemies at once.


Message History

You see here a scroll labelled YLLOAR SU HEGA.
e - a scroll labelled YLLOAR SU HEGA The jelly jiggles.
Found a stone staircase leading up.
A hound comes into view.
There is a stone staircase leading up here.
You climb upwards.
Found 15 gold pieces and a leather armour.
Found a stone staircase leading up.
There is a stone staircase leading down here.
You now have 62 gold pieces (gained 15).
Your extra speed is starting to run out.
Found 12 gold pieces.
You feel yourself slow down.
An orc wizard comes into view. It is wielding a +0 dagger.
An orc comes into view. It is wielding a +0 flail.
You open the large door.
A goblin comes into view. It is wielding a +0 club.
Found 108 gold pieces.
An endoplasm and Ijyb come into view.
Ijyb is wielding a +0 club and carrying a wand of light.
There is a large open door here.
You close the large door.
Found a stone staircase leading down.
An adder comes into view.
You catch the helpless adder completely off-guard!
You hit the adder. Your grab misses the adder.
The adder is severely wounded.
The adder bites you.
You hit the adder. You grab the adder.
The adder is almost dead.
You constrict the adder.
You kill the adder!
You have reached level 3!
Your experience leads to an increase in your attributes!
Increase (S)trength, (I)ntelligence, or (D)exterity?
You feel clever. x2
Found a scroll of revelation.
g - a scroll of revelation Are you sure you want to abandon this character and quit the game? (Confirm with "yes".)

##.## ## ##.#
##...####.# #..#
#.###....# ##.##
.## #...## #..# ##
##...## ##.## #
#.....# #...#
##.###.## ##..##
#.# #..# ##..## #.#
#..# ##@.# #.# ##.#
##.# ###.#
#..#######.# .##.##
#..##......#
..#..###......#####
#.........#..##
#.....########
....### #...#


There were no monsters in sight!

Vanquished Creatures
  A gnoll (D:5)
  2 adders
3 creatures vanquished.

Notes
Turn   | Place    | Note
-------+----------+-------------------------------------------
     0 | D:5      | Esekla the Octopode Delver began the quest for the Orb.
     0 | D:5      | Reached XP level 1. HP: 16/16 MP: 1/1
    58 | D:5      | Noticed a black bear
    59 | D:5      | Found a bloodstained altar of Trog.
    96 | D:5      | Found Teduubra's Jewellery Shoppe.
   104 | D:5      | Noticed a hound
   131 | D:5      | Reached XP level 2. HP: 7/21 MP: 2/2
   136 | D:5      | HP: 1/21 [adder (3)]
   139 | D:5      | Reached skill level 7 in Stealth
   310 | D:5      | Noticed a black bear
   434 | D:5      | Noticed an ogre
   510 | D:4      | Noticed Ijyb
   532 | D:4      | Reached XP level 3. HP: 25/26 MP: 3/3
   587 | D:4      | Quit the game

Illustrated notes

Levels and vault maps discovered:
D:4:      minmay_polygon_palace, layout_layer_cave, uniq_ijyb
D:5:      layout_loops_ring, trog_ov_bears_minmay, serial_shops, shop_coins

Skill      XL: |  1  2 |
---------------+-------+-----
Stealth        | 7 |  7.1
Fighting       | |  3.2
Long Blades    | |  2.2
Dodging        | |  2.2
Spellcasting   | |  0.6

Action                     || total
---------------------------++-------
  Melee: Falchion          ||    13
         Tentacles         ||     2
         Constrict         ||     3
  Evoke: Wand              ||     1
    Use: Scroll            ||     2
         Potion            ||     1
   Stab: Distracted        ||     1
 Armour: Skin              ||    10
  Dodge: Dodged            ||    16
